Cogmind - Beta 13 @@@ ROGUE MODE // 2024.04.12 @ 22:06:00 Player: Ben Meat Bible Result: Destroyed by S-10 Pest with Light Assault Rifle Performance ------------- Evolutions (0) 0 Regions Visited (2) 400 Robots Destroyed (43) 215 Value Destroyed (752) 752 Prototype IDs (0) 0 Alien Tech Used (0) 0 Bonus (15) 15 TOTAL SCORE: 1382 Bonus ------- High Alert Combat Kills 15 Cogmind --------- Core Integrity 0/250 Matter 195/300 Energy 95/100 System Corruption 1% Temperature Cool (0) Movement Rolling (100) Location -10/Mines Parts ------- > --- POWER (1) -------- (None) > --- PROPULSION (2) --- Compact Wheel Compact Wheel > --- UTILITY (2) ------ Small Storage Unit Sensor Array > --- WEAPON (2) ------- Mini Grenade Launcher Mace > --- INVENTORY (8) ---- Light Ion Engine Hover Unit Hover Unit Tractor Beam Mini Grenade Launcher Datajack Mace Peak State ------------ > --- POWER ------------ Improved Ion Engine > --- PROPULSION ------- Wheel Compact Wheel > --- UTILITY ---------- Small Storage Unit Structural Scanner > --- WEAPON ----------- Mini Grenade Launcher Mace > --- INVENTORY -------- Ion Engine Light Ion Engine Sensor Array Tractor Beam Light Assault Rifle Grenade Launcher Datajack [Rating: 10] Favorites ----------- Power Improved Ion Engine Engine Improved Ion Engine Propulsion Compact Wheel Wheel Compact Wheel Utility Small Storage Unit Device Sensor Array Storage Small Storage Unit Weapon Mini Grenade Launcher Energy Gun Medium Laser Ballistic Gun Light Assault Rifle Launcher Mini Grenade Launcher Impact Weapon Mace Special Melee Weapon Datajack Build | -11 -10 -10 ------- Run | Yrd Mat Min Slots Evolved . | . . . Power . | . . . Propulsion . | . . . Utility . | . . . Weapon . | . . . Parts Attached 19 | 9 8 2 Power 3 | 1 1 1 Engine 3 | 1 1 1 Core . | . . . Reactor . | . . . Propulsion 3 | 2 . 1 Treads . | . . . Leg . | . . . Wheel 3 | 2 . 1 Hover . | . . . Flight . | . . . Utility 4 | 2 2 . Device 3 | 1 2 . Storage 1 | 1 . . Processor . | . . . Hackware . | . . . Protection . | . . . Artifact . | . . . Weapon 9 | 4 5 . Energy Gun 3 | 3 . . Energy Cannon . | . . . Ballistic Gun 1 | 1 . . Ballistic Cannon . | . . . Launcher 2 | . 2 . Special Weapon . | . . . Impact Weapon 2 | . 2 . Slashing Weapon . | . . . Piercing Weapon . | . . . Special Melee Weapon 1 | . 1 . Unidentified Prototypes . | . . . Parts Lost 3 | . 1 2 Power 2 | . . 2 Propulsion 1 | . 1 . Utility . | . . . Weapon . | . . . Highest Loss Streak 1 | . 1 1 To Critical Strikes . | . . . Average Slot Usage (%) 94 | . 94 93 Engine 13 | . 14 13 Wheel 23 | . 23 22 Device 14 | . 14 14 Storage 14 | . 14 14 Energy Gun 1 | . 2 . Launcher 13 | . 13 14 Impact Weapon 12 | . 11 14 Naked Turns . | . . . Heaviest Build 18 | 12 18 16 Greatest Support 32 | 26 26 32 Greatest Overweight (x) . | . . . Average Overweight (x) . | . . . Largest Inventory Capacity 8 | 8 8 8 Average Capacity 7 | 6 8 8 Most Carried 8 | 2 8 8 Average Carried 6 | . 6 7 Final Capacity 8 | 8 8 8 Final Carried 8 | 2 8 7 Class Distribution -------------------- 100% | Mutant Dominant Class ---------------- Mutant | -10/Materials Mutant | -10/Mines Resources | -11 -10 -10 ----------- Run | Yrd Mat Min Matter Collected 603 | 293 192 118 Remotely 70 | 50 20 . Salvage Created 903 | 106 628 169 Parts 54 | 5 34 15 Haulers Intercepted 2 | . 2 . Recyclers Shooed 2 | 1 1 . Parts Field Recycled . | . . . Retrieved Matter . | . . . Parts Self-Destructed . | . . . Prevented . | . . . Kills | -11 -10 -10 ------- Run | Yrd Mat Min Combat Hostiles Destroyed 23 | . 14 9 Melee 1 | . 1 . AOE 22 | . 13 9 Classes Destroyed 9 | 2 7 . Worker 3 | . 3 . Builder 3 | . 2 1 Tunneler 1 | 1 . . Hauler 2 | . 2 . Recycler 5 | 1 3 1 Operator 3 | . 3 . Watcher 3 | . 3 . Swarmer 11 | . 6 5 Grunt 12 | . 8 4 Best Kill Streak 10 | 2 10 5 Combat Bots Only 5 | . 5 5 Max Kills in Single Turn 4 | 1 4 2 Gunslinging . | . . . Exploded 2 | . 2 2 Melee 1 | . 1 . Uniques/NPCs Destroyed . | . . . Combat | -11 -10 -10 -------- Run | Yrd Mat Min Hostile Shots Fired 60 | . 24 36 Missed 17 | . 7 10 Damage Taken 696 | . 279 417 Core 258 | . 94 164 Absorbed by Shields . | . . . Core Remaining (%) 100 | 100 . . Volleys Fired 45 | 4 25 16 Largest 2 | 2 2 1 Hottest 90 | 90 80 30 Shots Fired 50 | 8 26 16 Gun 17 | 8 9 . Cannon . | . . . Launcher 33 | . 17 16 Special . | . . . Kinetic 3 | 3 . . Thermal 14 | 5 9 . Explosive 33 | . 17 16 Electromagnetic . | . . . Robot Hit Streak 8 | 2 8 2 Robot Miss Streak 2 | 2 2 2 Penetration Max . | . . . Secondary Targets . | . . . Shots Hit Robots 41 | 4 30 7 Core Hits 49 | 3 30 16 Critical Kills . | . . . Critical Parts Destroyed 3 | . 3 . Critical Strikes 5 | . 5 . Burn 2 | . 2 . Smash 3 | . 3 . Melee Attacks 24 | . 20 4 Impact 23 | . 19 4 Slashing . | . . . Piercing . | . . . Sneak Attacks 4 | . 3 1 Combat Hostiles . | . . . Follow-up Attacks . | . . . Damage Inflicted 3205 | 43 2178 984 Guns 131 | 43 88 . Cannons . | . . . Explosions 2428 | . 1513 915 Melee 646 | . 577 69 Ramming . | . . . Kinetic 18 | 18 . . Thermal 212 | 25 88 99 Explosive 2329 | . 1513 816 Electromagnetic . | . . . Impact 646 | . 577 69 Slashing . | . . . Piercing . | . . . Highest Corruption 1 | . 1 1 Average Corruption 1 | . 1 1 Corruption Purged . | . . . Corruption Blocked . | . . . Effects 3 | . . 3 Message Errors 1 | . . 1 Data Loss (minor) 1 | . . 1 Data Loss (major) 1 | . . 1 Overload Shots . | . . . Overflow Damage 371 | . 284 87 Projectiles . | . . . Explosions 123 | . 56 67 Melee 248 | . 228 20 Knockbacks 7 | . 6 1 Impact 7 | . 6 1 Kinetic . | . . . Secondary . | . . . Self-Inflicted Damage 228 | . 109 119 Shots 6 | . 2 4 Rammed . | . . . Targets Rammed . | . . . Kicked . | . . . Crushed . | . . . Highest Temperature 64 | 30 64 5 Average Temperature 22 | 14 31 3 Received Heat Transfer 177 | . 57 120 Siege Activations . | . . . Robots Corrupted . | . . . Combat Hostiles . | . . . Parts Fried 11 | . 9 2 Impact Corruptions 13 | . 12 1 Robots Melted . | . . . Combat Hostiles . | . . . Parts Melted . | . . . Heat Transferred 581 | 74 407 100 Parts Sabotaged . | . . . Parts Stolen . | . . . Parts Stripped . | . . . Power Chain Reactions . | . . . Alert | -11 -10 -10 ------- Run | Yrd Mat Min Peak Influence 463 | 10 398 463 Initial 154 | . 6 154 Average 224 | 6 218 301 Maximum Alert Level 2 | . 1 2 Low Security (%) 36 | 100 32 32 Level 1 55 | . 67 26 Level 2 8 | . . 41 Level 3 . | . . . Level 4 . | . . . Level 5 . | . . . High Security . | . . . Max Security . | . . . Squads Dispatched 5 | . 5 . Investigation 2 | . 2 . Extermination . | . . . Reinforcement 3 | . 3 . Assault . | . . . Garrison . | . . . Intercept . | . . . Searches Triggered . | . . . Construction Impeded . | . . . Haulers Reinforced . | . . . Active Scanning Responses . | . . . Cargo Convoy Interrupts . | . . . Stealth | -11 -10 -10 --------- Run | Yrd Mat Min Distress Signals . | . . . Communications Jammed . | . . . Distress Signals . | . . . Times Spotted 28 | . 21 7 Peak Tracking Total 3 | . 3 3 Tactical Retreats 2 | . 2 . Traps | -11 -10 -10 ------- Run | Yrd Mat Min Traps Triggered . | . . . Indirectly . | . . . Trap Hack Attempts . | . . . Triggered . | . . . Disarmed . | . . . Reprogrammed . | . . . Reused . | . . . Traps Extracted . | . . . Installed . | . . . Triggered . | . . . Machines | -11 -10 -10 ---------- Run | Yrd Mat Min Machines Disabled 5 | . 4 1 Max in Single Turn 1 | . 1 1 Machines Repaired . | . . . Machines Dismantled . | . . . Machines Sabotaged . | . . . Overloaded Fab Kills . | . . . Hacking | -11 -10 -10 --------- Run | Yrd Mat Min Machines Accessed 5 | . 5 . Terminals 3 | . 3 . Fabricators . | . . . Repair Stations . | . . . Recycling Units 2 | . 2 . Scanalyzers . | . . . Garrison Access . | . . . Total Hacks 16 | . 16 . Successful 9 | . 9 . Failed 7 | . 7 . Catastrophic 2 | . 2 . Database Lockouts . | . . . Manual . | . . . Terminals 10 | . 10 . Fabricators . | . . . Repair Stations . | . . . Recycling Units 6 | . 6 . Scanalyzers . | . . . Garrison Access . | . . . Terminal Hacks 6 | . 6 . Emergency Access Points 1 | . 1 . Dispatch Records 1 | . 1 . Maintenance Status 2 | . 2 . Surveillance Status 1 | . 1 . Hauler Manifests 1 | . 1 . Fabricator Hacks . | . . . Repair Station Hacks . | . . . Recycling Unit Hacks 3 | . 3 . Process 1 | . 1 . Report Inventory 2 | . 2 . Scanalyzer . | . . . Garrison Access Hacks . | . . . Unauthorized Hacks . | . . . Terminals . | . . . Fabricators . | . . . Repair Stations . | . . . Recycling Units . | . . . Scanalyzers . | . . . Garrison Access . | . . . Data Cores Recovered . | . . . Used . | . . . Hacking Detections 5 | . 5 . Full Trace Events 3 | . 3 . Feedback Events 1 | . 1 . Corruption 1 | . 1 . Feedback Blocked . | . . . Robot Schematics Acquired . | . . . Robots Built . | . . . Authchips . | . . . Time . | . . . Total Robot Build Rating . | . . . Part Schematics Acquired . | . . . Parts Built . | . . . Authchips . | . . . Time . | . . . Total Part Build Rating . | . . . Parts Repaired . | . . . Time . | . . . Parts Recycled . | . . . Recycled Matter 147 | . 147 . Retrieved Matter . | . . . Retrieved Components . | . . . Parts Scanalyzed . | . . . Part Schematics Acquired . | . . . Parts Damaged . | . . . Bothacking | -11 -10 -10 ------------ Run | Yrd Mat Min Used RIF Installer . | . . . Robots Hacked 1 | . 1 . Non-combat . | . . . Combat 1 | . 1 . Robot Hacks Applied 1 | . 1 . parse_system 1 | . 1 . Relay Couplers Released . | . . . Fabnet Peak Effective % . | . . . Robots Rewired . | . . . Allies Hacked . | . . . Hacks Repelled . | . . . Allies | -11 -10 -10 -------- Run | Yrd Mat Min Total Allies . | . . . Largest Group . | . . . Highest-Rated Group . | . . . Highest-Rated Ally . | . . . Total Orders . | . . . Ally Attacks . | . . . Total Damage . | . . . Kills . | . . . Allies Corrupted . | . . . Allies Melted . | . . . Intel | -11 -10 -10 ------- Run | Yrd Mat Min Robot Analysis Total . | . . . Derelict Logs Recovered . | . . . Drone Launches . | . . . Drone Recoveries . | . . . Exploration | -11 -10 -10 ------------- Run | Yrd Mat Min Turns Passed 1386 | 76 1020 290 Spaces Moved 1061 | 58 774 229 Core 6 | 6 . . Treads . | . . . Legs . | . . . Wheels 1055 | 52 774 229 Hover . | . . . Flight . | . . . Fastest Speed 50 | 50 90 100 Average Speed 94 | 85 93 100 Slowest Speed 100 | 90 100 100 Overloaded Moves . | . . . Propulsion Burnouts . | . . . Robots Hopped . | . . . Cave-ins Triggered . | . . . Exploration Rate (%) 51 | 4 90 59 Regions Visited 2 Branch Regions 1 Pre-discovered Areas . | . . . Known Exits Taken . | . . . Unknown Exits Taken 2 | 1 1 . Scrap Searched 1 | . . 1 Spaces Dug 2 | . 2 . Terrain Destroyed 283 | . 165 118 Melee 2 | . 2 . Projectile . | . . . AOE 281 | . 163 118 Terrain Rammed . | . . . Walls Destroyed . | . . . Machines Disabled . | . . . Actions | -11 -10 -10 --------- Run | Yrd Mat Min Total 1351 | 73 1009 269 Wait 182 | . 164 18 Move 1059 | 57 773 229 Hop . | . . . Pick Up 9 | 1 8 . Fast Attach 13 | 8 4 1 Attach 4 | 1 2 1 Detach 7 | 2 5 . Swap 2 | . 2 . Drop 6 | . 6 . Fire 45 | 4 25 16 Melee 24 | . 20 4 Ram . | . . . Kick . | . . . Crush . | . . . Escape Stasis . | . . . Rewire . | . . . Trap . | . . . Miscellaneous . | . . . Route ------- -11/Scrapyard -10/Materials (discovered 4 exits: [*Mat x2] / [*Min x2]) -10/Mines History --------- Turn | Location | Event 40 | -11/Scrapyard | Discovered new exit (range 16) 77 | -11/Scrapyard | Entered Materials 253 | -10/Materials | Discovered new exit (range 6) 317 | -10/Materials | Build established: Mutant 778 | -10/Materials | Discovered new exit (range 12) 1009 | -10/Materials | Discovered new exit (range 14) 1087 | -10/Materials | Discovered new exit (range 7) 1097 | -10/Materials | Entered Mines 1190 | -10/Mines | Core integrity fell below 50% 1249 | -10/Mines | Core integrity fell below 20% 1387 | -10/Mines | Destroyed by S-10 Pest with Light Assault Rifle Last Messages --------------- 01261_ U-05 Engineer builds a Wall. 01262_ The unstable cave ceiling collapses. 01265_ U-05 Engineer lays Concrete. 01267_ G-47 Trooper destroyed. 01267_ U-05 Engineer lays Concrete. 01268_ The unstable cave ceiling collapses. 01269_ U-05 Engineer builds a Wall. 01277_ The unstable cave ceiling collapses. 01277_ U-05 Engineer lays Concrete. 01281_ U-05 Engineer builds a Wall. 01283_ The unstable cave ceiling collapses. 01285_ U-05 Engineer lays Concrete. 01303_ U-05 Engineer builds a Wall. 01307_ U-05 Engineer lays Concrete. 01311_ The unstable cave ceiling collapses. 01311_ U-05 Engineer builds a Wall. 01362_ K-01 Serf collects debris. 01372_ S-10 Pest destroyed. 01379_ Acquired 10 matter. 01386_ Ion Engine destroyed. Map ----- +----------------------------------------------------+ | ???????????????????????????????????????? | | ???????????????????????????????????????? | | ???????????????????????????????????????? | | ???????????????????????????????????????? | | ???????????????????????????????????????? | | ???????????????????????????????????????? | | ???????????????????????????????????????? | | ???????????????????????????????????????? | | ???????????????????????????????????????? | | ????????????????????????????????#??????# | | ???????????????????????????????? ??????# | | ???????????????????????????????? ????## | | ???????????????????????????????? #??## | | ???????????????????????????????? #?## | | ???????????????????????????????? #?# | | ???????????????????????????????# #?# | | ???????????????????????????????# #??# | | ???????????????????#???????????# #??# # | | ????????###????????# ??????????# #??# # | | ???????## #???????# ???????### #??# # | | ???????# #??????? ?????## #??# # | | ???????# ####????# ###### ##?# # | | ????????# ##???# ### | | ?# ##### #???# | | ?# ######## # | | ?# @[## #### ####### | | ???????###### s=[ ## ## #????? | | ????????????## =%= r #### #???? | | ?????????????## ##??# ?? | | ??????????????## #???# | | ???????????????## ##???## | | ????????????????## ##?????##### | | ????????????????# #???????????# | | ???????????????# u #????????????# | | ??????????????# t #?????????????## | | ??????????????# #??????????????? | | ??????????????# #??????????????? | | ??????????????# ##??????????????? | | ??????????????## # ##???????????????? | | ???????????????##### #????????????????? | | ???????????????????# #????????????????? | | ???????????????????# ????????????????? | | ???????????????????? #????????????????? | | ???????????????????? ?????????????????? | | ???????????????????? ?????????????????? | | ???????????????????????????????????????? | | ???????????????????????????????????????? | | ???????????????????????????????????????? | | ???????????????????????????????????????? | | ???????????????????????????????????????? | +----------------------------------------------------+ Best States ------------- Heat Dissipation 25 Energy Generation 12 Energy Capacity 265 Matter Stores 300 Matter Capacity 300 Sight Range 16 Robot Scan Range 14 Terrain Scan Density 10 Evasion (%) 44 Item Schematics ----------------- None Robot Schematics ------------------ None Fabricated ------------ Nothing Alien Tech Used ----------------- None Achievements -------------- None Challenges ------------ None Game ------ Seed TrapGodReactor Manual? 0 Play Time 00:17:48 Cumulative 9.1 hours Start 2024.04.12 @ 21:51:11 End 2024.04.12 @ 22:06:00 Sessions 1 Manual Loads 0 Difficulty Rogue Special Mode None Game No. 17 Rogue 17 Adventurer 0 Explorer 0 Win Type - Total 0 Types 0/0/0/0/0/0/0/0/0 Lore% 17 Gallery% 18 Achievement% 18 Wizard Run 0 Options --------- Layout 0 ASCII 0 Keyboard 1 Movement Numpad Keybinds 0 Fullscreen 1 Font 18/SmallcapsGlow Map View 76x50 Zoom Use 0% Tactical HUD 1 Map Filters NONE Filters NONE Steam 1 RUN: 77b43955-e565-43f4-9036-e7c036ffb394